AoeStats
← Shredded_Pork

Arena

508878691Analyzed
4v4 RM · 7d ago on Sep 24, 2026· 33m 43s· 8 players
Game mode
Random Map
Map size
Large (8 player)
Population
200
Speed
Normal
Resources
Standard
Victory
Conquest
Starting age
Dark Age
Ending age
Imperial Age
RankedLock teamsTeams togetherTeam positionsShared explorationLock speedFull tech treeHidden civsTurbo modeCheats
Victory
Defeat
🇨🇳 Saxons · China
849
+14
🇨🇳 Burgundians · China
806
+15
🇨🇳 Slavs · China
797
+16
🇩🇪 Danes · Germany
816
-16
🇺🇸 Lithuanians · United States
804
-18
🇹🇼 Persians · Taiwan
786
-15
🇨🇳 Vietnamese · China
761
-14
z23091820
10:04 Feudal Age
16:01 Castle Age
16:45 Double-Bit Axe
20:23 Wheelbarrow
21:21 Bow Saw
25:40 Hand Cart
27:04 Horse Collar
30:01 Imperial Age
28:11 Heavy Plow
29:31 Forging
29:26 Scale Barding Armor
30:05 Husbandry
30:16 Bloodlines
30:05 Gold Mining
32:05 Light Cavalry
33:17 Conscription
33:34 Chain Barding Armor
34:33 Gold Shaft Mining
thomas.magicmueller
10:43 Feudal Age
9:13 Loom
11:22 Double-Bit Axe
12:17 Wheelbarrow
13:21 Gold Mining
16:02 Arson
16:02 Horse Collar
24:28 Castle Age
25:17 Padded Archer Armor
25:35 Hand Cart
27:52 Bow Saw
27:54 Heavy Plow
JoseeHrndz5
11:27 Feudal Age
12:26 Double-Bit Axe
18:07 Castle Age
23:23 Bow Saw
25:19 Horse Collar
27:11 Heavy Plow
27:51 Gold Mining
30:13 Fortified Wall
29:45 Treadmill Crane
33:22 Imperial Age
31:30 Wheelbarrow
30:44 Town Watch
31:02 Murder Holes
31:11 Light Cavalry
32:42 Bloodlines
32:44 Husbandry
32:06 Pikeman
32:47 Squires
Shredded_Pork
10:43 Feudal Age
11:29 Double-Bit Axe
11:26 Horse Collar
20:38 Castle Age
22:04 Bow Saw
21:48 Stone Mining
21:49 Gold Mining
22:01 Heavy Plow
23:03 Stone Shaft Mining
33:03 Imperial Age
31:10 Wheelbarrow
30:59 Scale Mail Armor
31:10 Forging
30:51 Fletching
31:24 Ballistics
31:29 Scale Barding Armor
31:02 Pikeman
31:44 Squires
32:22 Chain Mail Armor
32:08 Padded Archer Armor
34:24 Iron Casting
Tamerlane
10:53 Feudal Age
11:30 Double-Bit Axe
14:27 Castle Age
14:59 Scale Mail Armor
15:21 Forging
15:01 Fletching
16:39 Bow Saw
22:53 Horse Collar
23:03 Loom
23:47 Loom
24:37 Wheelbarrow
28:35 Imperial Age
27:15 Squires
27:09 Gold Mining
28:35 Gold Shaft Mining
27:55 Arson
29:00 Chain Mail Armor
28:38 Capped Ram
29:26 Pikeman
31:13 Halberdier
32:33 Conscription
33:59 Iron Casting
33:55 Plate Mail Armor
PoiseDivaSanaつ
11:33 Feudal Age
11:05 Double-Bit Axe
12:16 Horse Collar
15:24 Castle Age
14:07 Bow Saw
15:25 Wheelbarrow
24:45 Treadmill Crane
27:45 Imperial Age
25:42 Loom
26:13 Hand Cart
26:10 Gold Mining
26:23 Stone Mining
27:08 Heavy Plow
27:15 Scale Barding Armor
27:21 Forging
27:45 Cavalier
28:27 Husbandry
30:29 Chemistry
30:29 Gold Shaft Mining
29:19 Paladin
30:51 Crop Rotation
30:56 Conscription
31:56 Two-Man Saw
31:03 Town Watch
31:55 Iron Casting
31:47 Chain Barding Armor
34:32 Blast Furnace
34:11 Plate Barding Armor
33:28 Fletching
33:39 Padded Archer Armor
stone wall builder
11:18 Feudal Age
14:45 Castle Age
12:43 Double-Bit Axe
13:08 Horse Collar
16:25 Wheelbarrow
16:34 Bow Saw
21:47 Gold Mining
21:48 Stone Mining
23:48 Hand Cart
24:42 Gold Shaft Mining
27:42 Imperial Age
24:58 Loom
24:58 Town Watch
25:20 Scale Barding Armor
25:58 Fortified Wall
26:01 Forging
26:29 Chain Barding Armor
26:33 Detinets
27:56 Iron Casting
27:43 Heavy Plow
28:21 Town Patrol
29:08 Conscription
28:08 Elite Boyar
29:40 Bloodlines
29:31 Husbandry
30:22 Plate Barding Armor
30:48 Blast Furnace
30:59 Caravan
32:11 Coinage
33:45 Two-Man Saw
33:17 Crop Rotation
邦多利第一耐摔王-莫提斯
11:34 Feudal Age
15:23 Castle Age
14:05 Double-Bit Axe
14:35 Horse Collar
16:54 Bow Saw
21:33 Heavy Plow
23:35 Wheelbarrow
25:10 Hand Cart
26:44 Gold Mining
26:44 Stone Mining
26:46 Loom
30:22 Imperial Age
30:06 Gold Shaft Mining
31:18 Scale Barding Armor
31:23 Forging
32:35 Chemistry
31:56 Ballistics
32:03 Conscription
31:31 Heavy Camel Rider
32:04 Elite Cataphract
34:11 Chain Barding Armor
34:26 Iron Casting
Connection lost

Rejoining the realm…

Still unreachable

The connection could not be restored.

Session expired

The server has moved on; the page needs a fresh start.